 Dungeon Crawl Stone Soup version 0.18.1-47-g9310371 (webtiles) character file.

794 weirdsound the Caller (level 7, -2/52 HPs)
             Began as a Mummy Summoner on June 17, 2016.
             Was an Initiate of Gozag.
             Slain by a black bear (6 damage)
             ... on level 6 of the Dungeon.
             The game lasted 00:38:48 (8891 turns).

weirdsound the Caller (Mummy Summoner)              Turns: 8891, Time: 00:38:49

Health: -2/52      AC:  3    Str: 11    XL:     7   Next: 58%
Magic:  7/13       EV: 12    Int: 15    God:    Gozag
Gold:   243        SH:  0    Dex: 14    Spells: 4 memorised, 6 levels left

rFire  x . .     SeeInvis .     h - +2 whip (pain)
rCold  + . .     Gourm    .     a - +0 robe
rNeg   + + +     Faith    .     (no shield)
rPois  ∞         Spirit   .     k - +0 helmet
rElec  .         Dismiss  .     (no cloak)
rCorr  +         Reflect  .     (no gloves)
SustAt .         Harm     .     (no boots)
MR     .....                    (no amulet)
Stlth  ++........               v - ring of wizardry
                                c - ring of resist corrosion

@: not resistant to hostile enchantments, unstealthy
A: no food or potions, fire vulnerability, cold resistance 1, negative energy
resistance 3, torment resistance, unbreathing
a: Potion Petition, Call Merchant, Bribe Branch, Renounce Religion


You were on level 6 of the Dungeon.
You worshipped Gozag.
Gozag was noncommittal.
You were not hungry.

You visited 2 branches of the dungeon, and saw 7 of its levels.

You collected 341 gold pieces.
You paid 98 gold pieces to Gozag.

Inventory:

Hand Weapons
 h - a +2 whip of pain (weapon)
 j - a +0 hunting sling
 q - a +0 falchion
Missiles
 l - 14 stones (quivered)
 m - 7 curare-tipped needles
Armour
 a - a +0 robe (worn)
 k - a +0 helmet (worn)
 x - a +0 ring mail
Jewellery
 c - a ring of resist corrosion (left hand)
 t - a +2 ring of strength
 v - a ring of wizardry (right hand)
 y - an uncursed ring of flight {unknown}
Wands
 e - a wand of lightning (0/15)
 p - a wand of random effects (6/48)
 u - a wand of lightning (4/15)
Scrolls
 d - 3 scrolls of recharging
 f - 3 scrolls of identify
 g - 3 scrolls of enchant weapon
 i - 2 scrolls of remove curse
 n - a scroll of teleportation {unknown}
 o - 2 scrolls of fear {unknown}
 w - a scroll of noise {unknown}
Books
 b - a book of Callings

   Spells                             Type                      Level
   a - Summon Small Mammal            Summoning                    1
   b - Call Imp                       Summoning                    2
   c - Call Canine Familiar           Summoning                    3
   d - Summon Guardian Golem          Hexes/Summoning              3
   e - Summon Lightning Spire         Summoning/Air                4
   f - Summon Ice Beast               Ice/Summoning                4
 r - a book of Death

   Spells                             Type                      Level
   a - Corpse Rot                     Necromancy                   2
   b - Sublimation of Blood           Necromancy                   2
   c - Agony                          Necromancy                   5
   d - Dispel Undead                  Necromancy                   5
   e - Excruciating Wounds            Charms/Necromancy            5
   f - Bolt of Draining               Conjuration/Necromancy       5
 s - a Fen Folio

   Spells                             Type                      Level
   a - Corpse Rot                     Necromancy                   2
   b - Stone Arrow                    Conjuration/Earth            3
   c - Leda's Liquefaction            Hexes/Earth                  4
   d - Summon Forest                  Summoning/Translocation      5
   e - Hydra Form                     Transmutation                6
   f - Summon Hydra                   Summoning                    7


   Skills:
 + Level 3.0 Fighting
 + Level 1.4 Maces & Flails
 - Level 1.5 Dodging
 - Level 1.5 Stealth
 - Level 4.0 Spellcasting
 - Level 5.1 Summonings
 - Level 4.0 Necromancy
 - Level 0.2 Evocations


You had 6 spell levels left.
You knew the following spells:

 Your Spells              Type           Power        Failure   Level  Hunger
a - Summon Small Mammal   Summ           ###.         1%          1    N/A
b - Call Imp              Summ           ###.....     1%          2    N/A
c - Call Canine Familiar  Summ           ###.....     4%          3    N/A
d - Corpse Rot            Necr           N/A          2%          2    N/A

Dungeon Overview and Level Annotations

Branches:
Dungeon (6/15)             Temple (1/1) D:5

Altars:
Ashenzari
Cheibriados
Dithmenos
Elyvilon
Fedhas
Gozag
Kikubaaqudgha
Makhleb
Nemelex Xobeh
Okawaru
Pakellas
Qazlal
Ru
Sif Muna
Trog
Vehumet
Xom
Yredelemnul
Zin
The Shining One

Annotations:
D:4 1 runed door


Innate Abilities, Weirdness & Mutations

You do not eat or drink.
Your flesh is vulnerable to fire.
You are immune to poison.
Your flesh is cold resistant.
You are immune to negative energy.
You are immune to unholy pain and torment.
You can survive without breathing.


Message History

The black bear claws you.
The black bear closely misses you. x2; The black bear barely misses you.
Your crimson imp blinks!
Unknown command.
Casting: Call Imp
Confirm with . or Enter, or press ? or * to list all spells.
The black bear barely misses you. The black bear claws you.
* * * LOW HITPOINT WARNING * * *
The black bear claws you.
* * * LOW HITPOINT WARNING * * *
The black bear closely misses you. The black bear claws you.
* * * LOW HITPOINT WARNING * * *
The black bear closely misses you.
Your hound completely misses the black bear.
Your crimson imp blinks!
The black bear bites you.
* * * LOW HITPOINT WARNING * * *
The black bear barely misses you. The black bear claws you.
You die...
Your body crumbles into a pile of gold.

#.....#
##########.###§#
....#[.....#<#.#
...........#.#.#
...........#.#5#
...........#.#.#
.........h.#.#h#
...........#.#h#
.......?...#.@.#
..(........#####
.............
...........#$#
.........(.#.#
....#..(...# #


You could see a black bear (berserk), a friendly hound and a friendly shadow
imp.

Vanquished Creatures
  Eustachio (D:4)
  A jelly (D:5)
  A crimson imp (D:5)
  2 hounds (D:5)
  An orc priest (D:4)
  4 orc wizards (D:4)
  3 worker ants
  3 adders
  A shadow imp (D:6)
  A worm (D:4)
  A dart slug (D:2)
  2 giant geckos (D:3)
  13 orcs
  A ball python (D:3)
  4 giant cockroaches
  8 goblins
  A hobgoblin (D:1)
  5 kobolds
  4 quokkas
  7 bats
  A goblin skeleton (D:4)
  A jackal skeleton (D:5)
  4 rats
70 creatures vanquished.

Vanquished Creatures (collateral kills)
  Menkaure (D:5)
  An ogre (D:5)
  2 crimson imps (D:5)
  A hound (D:5)
  An orc wizard (D:5)
  Terence (D:2)
  A worker ant (D:4)
  An adder (D:2)
  An adder skeleton (D:4)
  A dart slug (D:3)
  A worm (D:2)
  4 giant geckos
  10 orcs
  2 bats
  4 giant cockroaches
  3 goblins
  3 hobgoblins
  3 jackals (D:1)
  3 quokkas
  4 kobolds
  A rat (D:2)
49 creatures vanquished.

Grand Total: 119 creatures vanquished

Notes
Turn   | Place    | Note
--------------------------------------------------------------
     0 | D:1      | weirdsound the Mummy Summoner began the quest for the Orb.
     0 | D:1      | Reached XP level 1. HP: 13/13 MP: 3/3
   588 | D:1      | Reached XP level 2. HP: 2/19 MP: 2/5
  1548 | D:1      | Learned a level 2 spell: Call Imp
  2246 | D:2      | Reached XP level 3. HP: 23/24 MP: 7/7
  2275 | D:2      | Noticed Terence
  2306 | D:2      | Killed Terence
  3846 | D:3      | Reached XP level 4. HP: 24/30 MP: 5/10
  4588 | D:3      | Learned a level 3 spell: Call Canine Familiar
  5299 | D:4      | Reached skill level 4 in Summonings
  5301 | D:4      | Reached XP level 5. HP: 27/35 MP: 6/11
  5345 | D:4      | Found a runed door.
  5345 | D:4      | Noticed a human
  5349 | D:4      | Found a basalt altar of Yredelemnul.
  5391 | D:4      | Noticed Eustachio
  5438 | D:4      | Killed Eustachio
  5438 | D:4      | Reached skill level 5 in Summonings
  5438 | D:4      | Reached XP level 6. HP: 33/41 MP: 2/12
  5585 | D:4      | Found a radiant altar of Vehumet.
  5617 | D:4      | Learned a level 2 spell: Corpse Rot
  5720 | D:4      | Reached skill level 1 in Fighting
  6495 | D:4      | Found a sacrificial altar of Ru.
  6568 | D:5      | Entered Level 5 of the Dungeon
  6883 | D:5      | Reached skill level 1 in Necromancy
  7375 | D:5      | Reached XP level 7. HP: 50/52 MP: 6/13
  7791 | D:5      | Noticed Menkaure
  7803 | D:5      | Killed Menkaure
  7803 | D:5      | Reached skill level 1 in Maces & Flails
  7867 | D:5      | Found a staircase to the Ecumenical Temple.
  8061 | Temple   | Entered the Ecumenical Temple
  8169 | Temple   | Became a worshipper of Gozag Ym Sagoz the Greedy
  8891 | D:6      | Slain by a black bear

Skill      XL: |  1  2  3  4  5  6  7 |
---------------+----------------------+-----
Spellcasting   | 3 4 |  4.0
Summonings     | 4 5 |  5.1
Fighting       | 3 |  3.0
Necromancy     | 2 4 |  4.0
Maces & Flails | 1 |  1.4
Dodging        | |  1.5
Stealth        | |  1.5
Evocations     | |  0.2

Action                   |  1- 3 |  4- 6 |  7- 9 || total
-------------------------+-------+-------+-------++-------
Melee: Unarmed           |   247 |   107 |       ||   354
       Falchion          |       |    85 |       ||    85
       Whip              |       |    19 |    77 ||    96
 Fire: Hunting sling     |       |    50 |     3 ||    53
 Cast: Summon Small Mamm |    31 |       |       ||    31
       Call Imp          |    19 |    30 |    11 ||    60
       Call Canine Famil |       |    14 |     7 ||    21
       Corpse Rot        |       |     2 |       ||     2
Invok: Potion Petition   |       |       |     1 ||     1
Evoke: Wand              |       |    10 |       ||    10
  Use: Scroll            |       |     3 |     1 ||     4
 Stab: Sleeping          |     4 |       |     1 ||     5
       Distracted        |     1 |     1 |       ||     2
Armor: Robe              |    65 |    65 |     9 ||   139
       Ring mail         |       |       |    10 ||    10
Dodge: Dodged            |   206 |   170 |    61 ||   437
